[Event "16th EWICC 2015"]
[Site "Kutaisi"]
[Date "2015.06.02"]
[Round "8"]
[White "Khomeriki, Ketevan"]
[Black "Khomeriki, Nino"]
[Result "0-1"]
[ECO "C59"]
[WhiteElo "1861"]
[BlackElo "2228"]
[Annotator "Robot 11"]
[PlyCount "60"]
[EventDate "2015.??.??"]
[EventCountry "GEO"]
[TimeControl "900+10"]

1. e4 e5 2. Nf3 Nc6 3. Bc4 Nf6 4. Ng5 d5 5. exd5 Na5 6. Bb5+ c6 7. dxc6 bxc6 8. Be2 h6 9. Nf3 e4 10. Ne5 Bc5 11. O-O O-O 12. c3 Qc7 13. d4 exd3 14. Nxd3 Bd6 15. g3 Bh3 16. Re1 Rad8 17. Qa4 Rfe8 18. Qh4 Bf5 19. Nf4 Kh7 20. Nh3 Bg4 21. Be3 Qc8 22.
Bxg4 Nxg4 23. Ng5+ Kg8 24. Nxf7 Kxf7 25. Qh5+ Kg8 26. Qxa5 Nxe3 27. fxe3 Qg4 28. Kg2 Rf8 29. Na3 Bxg3 30. h3 Qf3+ 0-1

[Event "16th EWICC 2015"]
[Site "Kutaisi"]
[Date "2015.06.02"]
[Round "8"]
[White "Kostava, Elene"]
[Black "Petrenko, Svetlana"]
[Result "0-1"]
[ECO "D30"]
[WhiteElo "1691"]
[BlackElo "2207"]
[Annotator "Robot 11"]
[PlyCount "94"]
[EventDate "2015.??.??"]
[EventCountry "GEO"]
[TimeControl "900+10"]

1. d4 d5 2. c4 e6 3. Nf3 f5 4. Nc3 Nf6 5. Bg5 c6 6. e3 Be7 7. Bd3 O-O 8. O-O
Ne4 9. Bxe7 Qxe7 10. Ne5 Nd7 11. f4 Nxe5 12. fxe5 Bd7 13. Bxe4 dxe4 14. c5 Be8
15. b4 g5 16. a4 Bg6 17. g3 Qe8 18. a5 a6 19. Na4 Bh5 20. Qd2 Bf3 21. Nb6 Rd8
22. Nc4 Rd7 23. Nd6 Qg6 24. Ra2 h5 25. Kf2 Rh7 26. Rg1 h4 27. gxh4 Rxh4 28. Ke1
Rh7 29. Qf2 Kh8 30. Qg3 Rg8 31. h3 Qh5 32. Rh2 Rgg7 33. Kd2 Qh6 34. Ne8 Rg6 35.
Nf6 Re7 36. h4 g4 37. Kc3 Qxe3+ 38. Kc2 Qd3+ 39. Kc1 Qc3+ 40. Rc2 Qa3+ 41. Rb2
Qe3+ 42. Rd2 f4 43. Qh2 g3 44. Kc2 Rxf6 45. exf6 Rf7 46. Qh3 Rxf6 47. Rc1 Qa3
0-1

[Event "16th EWICC 2015"]
[Site "Kutaisi"]
[Date "2015.06.02"]
[Round "8"]
[White "Mammadova, Narmin"]
[Black "Vakhania, Alexandra"]
[Result "1-0"]
[ECO "B10"]
[WhiteElo "2117"]
[BlackElo "2130"]
[Annotator "Robot 11"]
[PlyCount "119"]
[EventDate "2015.??.??"]
[EventCountry "GEO"]
[TimeControl "900+10"]

1. e4 c6 2. c4 e6 3. d4 d5 4. cxd5 exd5 5. e5 Bb4+ 6. Nc3 Ne7 7. Bd3 Bf5 8. Nge2 Nd7 9. O-O Nf8 10. Ng3 Bxd3 11. Qxd3 Ne6 12. Nce2 c5 13. Be3 h5 14. dxc5 Nc6 15. Rfd1 Nxe5 16. Qb5+ Nc6 17. Qxb7 Rc8 18. Rxd5 Qxd5 19. Qxc8+ Ncd8 20. Qb8 Bxc5 21. Bxc5 Qxc5 22. Rc1 Qd5 23. Nc3 Qg5 24. Qb5+ Qxb5 25. Nxb5 a5 26. Nf5 g6 27. Ne3 O-O 28. Nd6 Nf4 29. Rc4 Nde6 30. Ra4 Rd8 31. Nec4 Nd3 32. b3 Nb2 33. Nxb2 Rxd6 34. g3 h4 35. gxh4 Rd2 36. Nc4 Rc2 37. Kg2 Nc5 38. Rxa5 Nd3 39. Ra8+ Kg7 40. a4 Rxf2+ 41. Kg1 Ra2 42. a5 Nf4 43.
a6 Nh3+ 44. Kf1 Rf2+ 45. Ke1 Rxh2 46. a7 Ra2 47. Nb6 Nf4 48. Na4 Nd3+ 49. Kf1 Rf2+ 50. Kg1 Rf5 51. Rb8 Ne5 52. a8=Q Nf3+ 53. Kf2 Nxh4+ 54. Ke2 Re5+ 55. Kd3 Nf5 56. Rg8+ Kh6 57. Qf8+ Kh5 58. Qxf7 Re3+ 59. Kd2 Rg3 60. Qxf5+ 1-0

[Event "16th EWICC 2015"]
[Site "Kutaisi"]
[Date "2015.06.02"]
[Round "8"]
[White "Mammadzada, Gunay"]
[Black "Tereladze, Sopiko"]
[Result "1-0"]
[ECO "C89"]
[WhiteElo "2336"]
[BlackElo "2128"]
[Annotator "Robot 11"]
[PlyCount "119"]
[EventDate "2015.??.??"]
[EventCountry "GEO"]
[TimeControl "900+10"]

1. e4 e5 2. Nf3 Nc6 3. Bb5 a6 4. Ba4 Nf6 5. O-O Be7 6. Re1 b5 7. Bb3 O-O 8. c3 d5 9. d4 exd4 10. e5 Ne4 11. cxd4 Bf5 12. Nc3 Nxc3 13.
bxc3 Qd7 14. Bg5 Ba3 15. Nh4 Be6 16. Bc2 Ne7 17. f4 h6 18. Qd3 Bf5 19. Nxf5 Qxf5 20. Qd2 Qd7 21. Bxe7 Qxe7 22. Qd3 f5 23. exf6 Qxf6 24. Re5 g6 25. Rae1 Qg7 26. f5 Rxf5 27. Rxf5 gxf5 28. Qxf5 Rf8 29. Qxd5+ Kh8 30. Re6 Qg5 31. Qxg5 hxg5 32. Rh6+ Kg8 33. Rg6+ Kf7 34. Rxg5 Ke6 35. Rg6+ Kd5 36. Rxa6 Bc1 37. Bb3+ Ke4 38. Re6+ Kd3 39. g4 Be3+ 40. Kg2 Rf2+ 41. Kg3 Rf1 42. h3 Bd2 43. d5 Bxc3 44. h4 Rg1+ 45. Kf4 Bd2+ 46. Kf5 Rf1+ 47. Kg6 Rf4 48. Kh5 Be3 49. Re7 Bb6 50. Re1 Kd2 51. Rh1 Ke3 52. g5 Rf2 53. Kg6 Kf4 54.
h5 Rg2 55. Rf1+ Ke5 56. h6 Be3 57. Rf5+ Kd6 58. h7 Bd4 59. Rf6+ Bxf6 60. Kxf6 1-0

[Event "16th EWICC 2015"]
[Site "Kutaisi"]
[Date "2015.06.02"]
[Round "8"]
[White "Melashvili, Nino"]
[Black "Gognadze, Tsira"]
[Result "1-0"]
[ECO "A04"]
[WhiteElo "2173"]
[BlackElo "1144"]
[Annotator "Robot 11"]
[PlyCount "46"]
[EventDate "2015.??.??"]
[EventCountry "GEO"]
[TimeControl "900+10"]

1. Nf3 e6 2. d4 b6 3. e4 d5 4. exd5 exd5 5. Ne5 Bb7 6. Bb5+ c6 7. Bd3 Nf6 8. Bg5 Be7 9. Nd2 O-O 10. O-O Re8 11. Qf3 h6 12. Bh4 Nbd7 13.
Rae1 Qc7 14. g4 c5 15. c3 Nxe5 16. dxe5 d4 17. Qh3 dxc3 18. exf6 cxd2 19. Rxe7 Qd6 20. Qe3 Rxe7 21. fxe7 Qc6 22. f3 Re8 23. Qxd2 Bc8 1-0

[Event "16th EWICC 2015"]
[Site "Kutaisi"]
[Date "2015.06.02"]
[Round "8"]
[White "Melia, Salome"]
[Black "Choladze, Mariam"]
[Result "1/2-1/2"]
[ECO "B42"]
[WhiteElo "2452"]
[BlackElo "1989"]
[Annotator "Robot 11"]
[PlyCount "118"]
[EventDate "2015.??.??"]
[EventCountry "GEO"]
[TimeControl "900+10"]

1. e4 c5 2. Nf3 e6 3. d4 cxd4 4. Nxd4 a6 5. Bd3 Qc7 6. O-O Nf6 7. Qe2 d6 8.
c4 g6 9. Nc3 Bg7 10. Nf3 O-O 11. Bf4 Nc6 12. h3 Nd7 13. Rac1 Bxc3 14. Rxc3 e5 15. Bh6 Rd8 16. Nh2 Nd4 17. Qe3 f6 18. Ng4 Re8 19. Qg3 Qd8 20.
f4 Nc5 21. Kh2 Bxg4 22. Qxg4 Na4 23. f5 Qd7 24. Ra3 Nxb2 25. fxg6 Qxg4 26. hxg4 hxg6 27. Rxf6 Re6 28. Rf2 Nxd3 29. Rxd3 Rc8 30. Rh3 b5 31. cxb5 Nxb5 32. Bg5 Kg7 33. Bh6+ Kg8 34. Bg5 Kg7 35. Rhf3 Rc7 36. Bd2 Nd4 37. Rf8 Ree7 38. Bg5 Red7 39. Ra8 Rf7 40. Rxf7+ Kxf7 41. Rxa6 Ne6 42. Bh4 g5 43. Bg3 Ke7 44. Ra4 Nc5 45. Rc4 Ra7 46. Bxe5 Rxa2 47. Bg3 Nd7 48. Rc6 Rd2 49. Kh3 Rd4 50. Ra6 Ke6 51. Ra8 Nf6 52. Rd8 Nxe4 53. Kh2 Rd3 54. Re8+ Kd5 55. Be1 Re3 56. Bb4 Nf6 57. Rxe3 Nxg4+ 58. Kg3 Nxe3 59. Kf3 Nxg2 {[%emt 0:00:57] Ke4+}
1/2-1/2

[Event "16th EWICC 2015"]
[Site "Kutaisi"]
[Date "2015.06.02"]
[Round "8"]
[White "Mikadze, Miranda"]
[Black "Gaprindashvili, Nona"]
[Result "0-1"]
[ECO "B00"]
[WhiteElo "2233"]
[BlackElo "2302"]
[Annotator "Robot 11"]
[PlyCount "74"]
[EventDate "2015.??.??"]
[EventCountry "GEO"]
[TimeControl "900+10"]

1. e4 b6 2. d4 Bb7 3. Bd3 g6 4. Nf3 Bg7 5. O-O e6 6. c4 d6 7. Nc3 c5 8. Bc2 Ne7 9. dxc5 bxc5 10. Nb5 Nc8 11. Bf4 e5 12. Bg5 f6 13. Be3 O-O 14. b4 a6 15.
Nc3 cxb4 16. Nd5 Nc6 17. c5 Kh8 18. cxd6 Qxd6 19. Nd2 Nd4 20. Nb3 Bxd5 21. exd5 Nxb3 22. Bxb3 Ne7 23. Rc1 Rfc8 24. Qd3 Nf5 25. Bd2 Nd4 26. Rc4 Rxc4 27. Qxc4 a5 28. Rc1 Bf8 29. Ba4 Rd8 30. Kf1 Be7 31. Bh6 g5 32.
h4 Nf5 33. Qe4 Nxh6 34. hxg5 f5 35. Qh4 Nf7 36. Bb3 Bxg5 37. Qh5 Bxc1 0-1

[Event "16th EWICC 2015"]
[Site "Kutaisi"]
[Date "2015.06.02"]
[Round "8"]
[White "Nikoladze, Sopio"]
[Black "Gevorgyan, Maria"]
[Result "1-0"]
[ECO "D04"]
[WhiteElo "2155"]
[BlackElo "2190"]
[Annotator "Robot 11"]
[PlyCount "109"]
[EventDate "2015.??.??"]
[EventCountry "GEO"]
[TimeControl "900+10"]

1. d4 d5 2. Nf3 Nf6 3. e3 c6 4. Bd3 Ne4 5. Nbd2 f5 6. Ne5 Nf6 7. c4 e6 8. O-O Bd6 9. b3 O-O 10. Bb2 Bd7 11. f3 Be8 12. g4 fxg4 13. fxg4 Nfd7 14. Rxf8+ Nxf8 15. Qf3 Qg5 16. Rf1 Nbd7 17. Rf2 Bxe5 18. dxe5 Ng6 19. cxd5 cxd5 20. Bb5 Qe7 21. Bxd7 Bxd7 22. Bd4 Rf8 23. Qg3 b6 24. Nf3 Qa3 25. h4 Ne7 26. Ng5 Nc6 27. Bb2 Qc5 28. h5 h6 29. Nh3 Rxf2 30.
Qxf2 Qb4 31. Bd4 Qe7 32. Kg2 b5 33. Kg3 b4 34. Nf4 Be8 35. Qc2 a5 36. Qe2 Bf7 37. Qa6 Qc7 38. Bb6 Qb8 39. Bxa5 Qxe5 40. Qc8+ Kh7 41. Bb6 d4 42. Qxc6 Qxe3+ 43. Qf3 Qe1+ 44. Kh3 e5 45. Ng6 Qc3 46. Nxe5 Bd5 47. Qxc3 dxc3 48. Nd3 Be4 49. Nc1 Kg8 50. Bc5 Kf7 51. Bxb4 c2 52. Kg3 Ke6 53. Kf4 Kd5 54. Bc3 Bh7 55. Bxg7 1-0

[Event "16th EWICC 2015"]
[Site "Kutaisi"]
[Date "2015.06.02"]
[Round "8"]
[White "Paehtz, Elisabeth"]
[Black "Kosteniuk, Alexandra"]
[Result "0-1"]
[ECO "A06"]
[WhiteElo "2473"]
[BlackElo "2530"]
[Annotator "Robot 11"]
[PlyCount "90"]
[EventDate "2015.??.??"]
[EventCountry "GEO"]
[TimeControl "900+10"]

1. Nf3 d5 2. c4 e6 3. b3 Nf6 4. Bb2 a5 5. Nc3 Nc6 6. e3 d4 7. exd4 Nxd4 8.
Nxd4 Qxd4 9. Be2 Bc5 10. O-O Qd8 11. Nb5 c6 12. d4 Bb6 13. Na3 O-O 14. Nc2 a4 15. b4 Bc7 16. Bf3 Nd7 17. Re1 Qg5 18. g3 Rd8 19. Qe2 Re8 20.
Bg2 Nf6 21. Rad1 Bd7 22. a3 h6 23. f4 Qg4 24. Qf2 Qg6 25. Qe2 Nh5 26. Bc1 Nf6 27. Rf1 Rad8 28. Ne1 b5 29. Nd3 bxc4 30. Ne5 Bxe5 31. fxe5 Nd5 32. Be4 Nc3 33. Qxc4 Nxe4 34. Rf4 Ng5 35. Kh1 c5 36. d5 exd5 37.
Qxc5 Ne6 38. Qf2 Nxf4 39. Bxf4 d4 40. h4 Bc6+ 41. Kh2 d3 42.
Rd2 Qe4 43. Rd1 Qe2 44. Rd2 Qxf2+ 45. Rxf2 Rc8 0-1

[Event "16th EWICC 2015"]
[Site "Kutaisi"]
[Date "2015.06.02"]
[Round "8"]
[White "Schleining, Zoya"]
[Black "Ibrahimova, Sabina"]
[Result "1/2-1/2"]
[ECO "E61"]
[WhiteElo "2375"]
[BlackElo "2272"]
[Annotator "Robot 11"]
[PlyCount "93"]
[EventDate "2015.??.??"]
[EventCountry "GEO"]
[TimeControl "900+10"]

1. d4 Nf6 2. c4 g6 3. Nc3 Bg7 4. Nf3 d6 5. Bf4 O-O 6. h3 Nbd7 7. e3 Qe8 8.
Be2 e5 9. Bh2 Qe7 10. O-O b6 11. Qc2 Bb7 12. Rfd1 Rac8 13. b4 Rfe8 14. a3 h6 15. dxe5 dxe5 16. e4 Nh5 17. Qa4 Ndf6 18. Bxe5 Nxe4 19. Bxg7 Kxg7 20. Nxe4 Qxe4 21. Bf1 Qf5 22. Qd7 Qf6 23. Nh2 Red8 24. Qg4 Nf4 25. Rxd8 Rxd8 26. Re1 h5 27. Qg3 Rd2 28. Qe3 Ra2 29. g3 Ne6 30. Bg2 Bxg2 31. Kxg2 Qb2 32. Nf3 Rxa3 33. Qe5+ Qxe5 34. Nxe5 a5 35. b5 Ra2 36. Rd1 Re2 37. Nd3 a4 38. Ra1 Rd2 39. Nf4 Nc5 40.
Nd5 Rc2 41. Nxc7 Rxc4 42. Nd5 Rd4 43. Nxb6 Rb4 44. Ra2 Rxb5 45. Nxa4 Nxa4 46. Rxa4 Rb3 47. h4 1/2-1/2

[Event "16th EWICC 2015"]
[Site "Kutaisi"]
[Date "2015.06.02"]
[Round "8"]
[White "Sviridova, Vlada"]
[Black "Arakhamia-Grant, Ketevan"]
[Result "1/2-1/2"]
[ECO "A58"]
[WhiteElo "2087"]
[BlackElo "2393"]
[Annotator "Robot 11"]
[PlyCount "110"]
[EventDate "2015.??.??"]
[EventCountry "GEO"]
[TimeControl "900+10"]

1. d4 Nf6 2. c4 c5 3. d5 b5 4. cxb5 a6 5. bxa6 g6 6. Nc3 Bg7 7. Nf3 Qa5 8.
Bd2 Bxa6 9. g3 O-O 10. Bg2 d6 11. O-O Nbd7 12. Re1 Qb6 13. Rb1 Bc4 14. b3 Bxd5 15. e4 Bc6 16. Qc2 Qb7 17. a4 Rfb8 18. h3 Nb6 19. Bf1 Qc7 20.
Nb5 Qb7 21. Nc3 Qd7 22. Kh2 h6 23. Nh4 c4 24. bxc4 Nxa4 25. Nd5 Nc5 26. Nb6 Rxb6 27. Rxb6 Bxe4 28. Qc1 g5 29. Ng2 Qc7 30. Rb4 Nd3 31. Bxd3 Bxd3 32. Bc3 Ra2 33. Rb2 Rxb2 34. Bxb2 e6 35. Ne3 Qc6 36. Qd2 Bg6 37. Qe2 h5 38. Ng2 Qc5 39. Qe3 Qf5 40. Rd1 d5 41. Bxf6 Bxf6 42. cxd5 exd5 43. f4 g4 44. Qe8+ Kg7 45. Ne3 Qe6 46. Qxe6 fxe6 47. f5 d4 48. fxg6 dxe3 49. hxg4 hxg4 50. Re1 Bd4 51. Kg2 Kxg6 52. Kf1 Kf5 53. Ke2 Ke4 54. Rf1 Be5 55. Rg1 Bd6 1/2-1/2

[Event "16th EWICC 2015"]
[Site "Kutaisi"]
[Date "2015.06.02"]
[Round "8"]
[White "Zaksaite, Salomeja"]
[Black "Khurtsidze, Nino"]
[Result "0-1"]
[ECO "B43"]
[WhiteElo "2203"]
[BlackElo "2451"]
[Annotator "Robot 11"]
[PlyCount "76"]
[EventDate "2015.??.??"]
[EventCountry "GEO"]
[TimeControl "900+10"]

1. e4 c5 2. Nf3 e6 3. d4 cxd4 4. Nxd4 a6 5. Nc3 Qc7 6. g3 Bb4 7. Bd2 Nf6 8.
Bg2 O-O 9. O-O Be7 10. Re1 d6 11. g4 Nc6 12. Nxc6 bxc6 13. g5 Nd7 14. Qh5 e5 15. Re3 Nc5 16. Bh3 Ne6 17. Rg3 Nf4 18. Bxf4 exf4 19. Rf3 g6 20. Qh4 Qd8 21. Qxf4 Bxg5 22. Qg3 Bxh3 23. Qxh3 Rb8 24. b3 Qe7 25.
Rd1 Bf6 26. Rfd3 Rfd8 27. f3 d5 28. Kh1 Qb4 29. Na4 dxe4 30.
Rxd8+ Rxd8 31. Rxd8+ Bxd8 32. Qc8 Qe1+ 33. Kg2 Qd2+ 34. Kg3 e3 35. Nc3 Kg7 36. Ne2 Qe1+ 37. Kf4 Qxe2 38. Qxd8 Qd2 0-1

[Event "16th EWICC 2015"]
[Site "Kutaisi"]
[Date "2015.06.02"]
[Round "8"]
[White "Zhukova, Natalia"]
[Black "Arabidze, Meri"]
[Result "1/2-1/2"]
[ECO "A27"]
[WhiteElo "2456"]
[BlackElo "2403"]
[Annotator "Robot 11"]
[PlyCount "88"]
[EventDate "2015.??.??"]
[EventCountry "GEO"]
[TimeControl "900+10"]

1. c4 e5 2. Nc3 Nc6 3. Nf3 f5 4. d4 e4 5. d5 exf3 6. dxc6 fxg2 7. cxd7+ Qxd7 8. Qxd7+ Bxd7 9. Bxg2 O-O-O 10. Bf4 c6 11. Rc1 Be6 12. b3 Ba3 13.
Rc2 Ne7 14. O-O Ng6 15. Bg5 Rd7 16. Nd5 h6 17. Be3 Kb8 18. Bf4+ Nxf4 19. Nxf4 Bf7 20. Nd3 Bd6 21. b4 a6 22. a4 Rc8 23. Rb1 Bf8 24. Ne5 Re7 25. f4 g6 26. b5 cxb5 27. axb5 a5 28. Ra1 Bg7 29. Rxa5 Bxe5 30. fxe5 Rxc4 31. Rd2 Rc5 32. b6 Rc8 33. Rd1 Bc4 34. Rda1 Ba6 35.
Rxa6 bxa6 36. Rxa6 Rb7 37. Kf2 Re8 38. Ra5 Re6 39. Bxb7 Kxb7 40. e4 Kxb6 41. exf5 gxf5 42. Rd5 Kc6 43. Ra5 Kb6 44. Rd5 Kc6 1/2-1/2

[Event "16th EWICC 2015"]
[Site "Kutaisi"]
[Date "2015.06.03"]
[Round "9"]
[White "Arabidze, Meri"]
[Black "Sviridova, Vlada"]
[Result "0-1"]
[ECO "D10"]
[WhiteElo "2403"]
[BlackElo "2087"]
[Annotator "Robot 11"]
[PlyCount "102"]
[EventDate "2015.??.??"]
[EventCountry "GEO"]
[TimeControl "900+10"]

1. d4 d5 2. c4 c6 3. cxd5 cxd5 4. Nc3 Nf6 5. Nf3 Nc6 6. Bf4 a6 7. Rc1 Bf5 8. Qb3 Na5 9. Qa4+ b5 10. Qd1 e6 11. e3 Bd6 12. Ne5 O-O 13.
Bd3 Bxd3 14. Qxd3 Nc4 15. b3 Nxe5 16. dxe5 Ba3 17. Rd1 Nd7 18. e4 Bb4 19. O-O Nc5 20. Qd4 Bxc3 21. Qxc5 Rc8 22. Qa3 b4 23.
Qxa6 Ra8 24. Qb7 d4 25. Qb5 Rxa2 26. Qd3 Qa5 27. Qg3 Kh8 28. h4 Rb2 29. Ra1 Ra2 30. Rab1 Qa8 31. Qf3 Rd8 32. Rfd1 Qa6 33. h5 Qe2 34. Qg3 Qxe4 35. h6 Qg6 36. Bg5 Rd7 37. Rd3 Rda7 38. Qh3 Qxg5 39. hxg7+ Kg8 40. Qf3 Qxe5 41. Qc6 Ra8 42. Rg3 Qf5 43. Rf1 d3 44. Qd7 d2 45.
Rf3 Qg6 46. Rg3 Qf5 47. Rf3 Qxf3 48. gxf3 Ra1 49. Qc6 Rxf1+ 50.
Kg2 d1=Q 51. Qxa8+ Kxg7 0-1

[Event "16th EWICC 2015"]
[Site "Kutaisi"]
[Date "2015.06.03"]
[Round "9"]
[White "Arakhamia-Grant, Ketevan"]
[Black "Paehtz, Elisabeth"]
[Result "0-1"]
[ECO "B06"]
[WhiteElo "2393"]
[BlackElo "2473"]
[Annotator "Robot 11"]
[PlyCount "88"]
[EventDate "2015.??.??"]
[EventCountry "GEO"]
[TimeControl "900+10"]

1. e4 g6 2. d4 Bg7 3. Nc3 d6 4. Nf3 a6 5. a4 Bg4 6. Be3 Nc6 7. Be2 e5 8. d5 Nce7 9. Nd2 Bd7 10. O-O f5 11. f4 Bh6 12. Nc4 Qb8 13. Kh1 b5 14. axb5 axb5 15.
Rxa8 Qxa8 16. fxe5 bxc4 17. Bxh6 Nxh6 18. e6 O-O 19. exd7 Qd8 20. e5 Qxd7 21. e6 Qd8 22. h3 f4 23. Qd4 g5 24. Qxc4 Nhf5 25.
Rf2 Qb8 26. Ne4 Qb6 27. Kh2 Ne3 28. Qc3 N7xd5 29. Qd3 Rf5 30. Bg4 Re5 31. e7 Kg7 32. c4 Nxe7 33. c5 Qc6 34. Bf3 d5 35. Qd4 Ng6 36. Nxg5 Nf5 37.
Qc3 Qf6 38. Bh5 Qxg5 39. Bxg6 d4 40. Qa5 hxg6 41. Qxc7+ Ne7 42. b4 Qg3+ 43. Kg1 Re1+ 44. Rf1 Qe3+ 0-1

[Event "16th EWICC 2015"]
[Site "Kutaisi"]
[Date "2015.06.03"]
[Round "9"]
[White "Charkhalashvili, Inga"]
[Black "Zhukova, Natalia"]
[Result "0-1"]
[ECO "A37"]
[WhiteElo "2318"]
[BlackElo "2456"]
[Annotator "Robot 11"]
[PlyCount "96"]
[EventDate "2015.??.??"]
[EventCountry "GEO"]
[TimeControl "900+10"]

1. Nf3 c5 2. g3 Nc6 3. c4 g6 4. Bg2 Bg7 5. Nc3 d6 6. O-O e6 7. e3 Nge7 8.
d4 b6 9. d5 Na5 10. Nd2 Rb8 11. Qc2 O-O 12. Rd1 exd5 13. Nxd5 Bg4 14. Re1 Qd7 15. Nxe7+ Qxe7 16. Nb3 Bf5 17. e4 Nc6 18. Bf4 Be6 19. Rad1 Rfd8 20. Nd2 b5 21. cxb5 Nb4 22. Qb1 Bxa2 23. Qa1 Be6 24. Qa5 Nd3 25. Re2 Nxb2 26. Rb1 Nd3 27. Be3 Nb4 28. Bf1 Bg4 29. f3 Bd7 30. Ree1 Nc2 31. Bf2 Nxe1 32. Rxe1 Rb7 33. e5 dxe5 34. Ne4 Rc8 35. Rc1 Rbc7 36. b6 axb6 37. Qxb6 Rc6 38. Qb7 c4 39. Rd1 R6c7 40. Qb6 Be6 41. Nd6 Rd8 42. Bc5 Qd7 43. Bb4 Rc6 44. Qe3 Bf8 45. Ne4 Qxd1 46. Nf6+ Kh8 47. Bc3 Bg7 48. Bxe5 Bh3 0-1

[Event "16th EWICC 2015"]
[Site "Kutaisi"]
[Date "2015.06.03"]
[Round "9"]
[White "Choladze, Mariam"]
[Black "Mammadova, Narmin"]
[Result "1-0"]
[ECO "C03"]
[WhiteElo "1989"]
[BlackElo "2117"]
[Annotator "Robot 11"]
[PlyCount "119"]
[EventDate "2015.??.??"]
[EventCountry "GEO"]
[TimeControl "900+10"]

1. e4 e6 2. d4 d5 3. Nd2 h6 4. Ngf3 Nf6 5. Bd3 c5 6. e5 Nfd7 7. c3 Nc6 8.
O-O g5 9. Bb5 Qb6 10. Bxc6 bxc6 11. Nb3 c4 12. Nbd2 Be7 13. b3 cxb3 14. Nxb3 Ba6 15. Re1 Rb8 16. Be3 Qc7 17. Rb1 Bb5 18. Nfd2 a5 19. Nc1 h5 20. a4 Ba6 21. Rxb8+ Qxb8 22. Qb3 Qxb3 23. Ncxb3 Bd8 24. Rc1 Kf8 25. c4 Bb7 26. cxd5 exd5 27. Nc5 Nxc5 28. Rxc5 Kg7 29. Nb3 Bb6 30. Rc1 Kg6 31. Bd2 Ra8 32. f3 Kf5 33. h4 gxh4 34. Kh2 Bd8 35.
Kh3 Kg6 36. Rc5 Bb6 37. Rc1 Bd8 38. Kh2 Bc7 39. Nc5 Bc8 40. Nd3 Bd7 41. Nf4+ Kg7 42. Nxh5+ Kf8 43. Nf6 Ke7 44. Bg5 Ke6 45. Bxh4 Rb8 46. Be1 Rb2 47. Ra1 Bb6 48. Bc3 Rc2 49. Ra3 Ke7 50. Rb3 Rxc3 51. Rxb6 Bf5 52. g4 Bc2 53. Kg3 Bxa4 54. Ra6 Bd1 55. Rxa5 Rxf3+ 56. Kh4 Rd3 57. Ra7+ Kf8 58. Ra8+ Kg7 59. Rg8+ Kh6 60. g5# 1-0

[Event "16th EWICC 2015"]
[Site "Kutaisi"]
[Date "2015.06.03"]
[Round "9"]
[White "Choladze, Tea"]
[Black "Kostava, Elene"]
[Result "1-0"]
[ECO "B12"]
[WhiteElo "1755"]
[BlackElo "1691"]
[Annotator "Robot 11"]
[PlyCount "57"]
[EventDate "2015.??.??"]
[EventCountry "GEO"]
[TimeControl "900+10"]

1. e4 c6 2. d4 d5 3. f3 Qb6 4. Nc3 dxe4 5. fxe4 e5 6. Nf3 Bg4 7. Na4 Qa5+ 8. c3 exd4 9. Qxd4 b5 10. Qe5+ Ne7 11. Nc5 f6 12. Qd4 Ng6 13. Nd2 Nd7 14. Nxd7 Bxd7 15. Nb3 Qc7 16. Be3 a5 17. O-O-O b4 18. Nc5 Bg4 19. Rd2 bxc3 20. Qxc3 Bd6 21. h3 Bc8 22. Bc4 Qe7 23. Bb3 Ne5 24. Rhd1 Bc7 25.
Na4 Bb7 26. Bc5 Qd7 27. Rxd7 Nxd7 28. Qc4 Ne5 29. Qe6# 1-0

[Event "16th EWICC 2015"]
[Site "Kutaisi"]
[Date "2015.06.03"]
[Round "9"]
[White "Esadze, Tamar"]
[Black "Donghvani, Nia"]
[Result "1-0"]
[ECO "C72"]
[WhiteElo "1697"]
[BlackElo "1444"]
[Annotator "Robot 11"]
[PlyCount "63"]
[EventDate "2015.??.??"]
[EventCountry "GEO"]
[TimeControl "900+10"]

1. e4 e5 2. Nf3 Nc6 3. Bb5 a6 4. Ba4 d6 5. O-O Bd7 6. c3 g5 7. d4 g4 8. Nfd2 h5 9. f3 exd4 10. Bxc6 Bxc6 11. fxg4 hxg4 12. Qxg4 Qe7 13. cxd4 Bd7 14.
Qf3 O-O-O 15. Nc3 Bh6 16. Nd5 Qe6 17. Nc4 Bxc1 18. Raxc1 Qh6 19. h3 Bb5 20. b3 Qg6 21. Qf5+ Qxf5 22. Rxf5 Bd7 23. Rxf7 Nh6 24. Ncb6+ Kb8 25. Nxd7+ Ka7 26. Rg7 Rhe8 27. Rxc7 Rxe4 28. N7f6 Rxd4 29. Rxb7+ Ka8 30. Ra7+ Kb8 31. Rgb7+ Kc8 32.
Nb6# 1-0

[Event "16th EWICC 2015"]
[Site "Kutaisi"]
[Date "2015.06.03"]
[Round "9"]
[White "Gaponenko, Inna"]
[Black "Batsiashvili, Nino"]
[Result "1/2-1/2"]
[ECO "C47"]
[WhiteElo "2391"]
[BlackElo "2473"]
[Annotator "Robot 11"]
[PlyCount "120"]
[EventDate "2015.??.??"]
[EventCountry "GEO"]
[TimeControl "900+10"]

1. e4 e5 2. Nf3 Nc6 3. Nc3 Nf6 4. d4 exd4 5. Nxd4 Bb4 6. Nxc6 bxc6 7. Bd3 O-O 8. O-O d5 9. exd5 cxd5 10. Bg5 c6 11. Qf3 h6 12. Bxf6 Qxf6 13.
Qxf6 gxf6 14. Ne2 Rb8 15. Ng3 Ba5 16. Rab1 Re8 17. Nf5 Bxf5 18. Bxf5 Re5 19. Bd3 Kf8 20. g3 Ke7 21. c4 d4 22. Rfd1 c5 23.
Kg2 Bc7 24. Re1 Kd6 25. Re4 Rxe4 26. Bxe4 Ke5 27. Bd3 f5 28. Kf3 Kf6 29. b3 a5 30. Re1 h5 31. h3 a4 32. bxa4 Rb4 33. Re8 Rxa4 34. Rh8 Ra3 35. Ke2 Rxa2+ 36. Kf3 Rd2 37. Bf1 Rb2 38. Bd3 Rd2 39. Bf1 Ba5 40.
Rxh5 Bb4 41. g4 fxg4+ 42. hxg4 Ke6 43. Rf5 f6 44. Rf4 Rb2 45.
Bd3 Rd2 46. Bf1 Ba3 47. Rf5 Rd1 48. Be2 Rh1 49. Bd3 Bb4 50. Rf4 Rd1 51. Be2 Rc1 52. Bd3 Rc3 53. Ke2 Ra3 54. Bf5+ Kf7 55. Bd3 Ra2+ 56. Kf3 Be1 57. Kg2 Ra3 58. Rf3 Ke7 59. Kf1 Bb4 60. Ke2 Ra2+ 1/2-1/2

[Event "16th EWICC 2015"]
[Site "Kutaisi"]
[Date "2015.06.03"]
[Round "9"]
[White "Gaprindashvili, Nona"]
[Black "Melia, Salome"]
[Result "0-1"]
[ECO "A73"]
[WhiteElo "2302"]
[BlackElo "2452"]
[Annotator "Robot 11"]
[PlyCount "116"]
[EventDate "2015.??.??"]
[EventCountry "GEO"]
[TimeControl "900+10"]

1. d4 Nf6 2. c4 e6 3. Nf3 c5 4. d5 exd5 5. cxd5 d6 6. Nc3 g6 7. e4 Bg7 8. Be2 O-O 9. O-O Bg4 10. Bf4 a6 11. a4 Re8 12. h3 Bxf3 13. Bxf3 Qe7 14. Qb3 Qc7 15. e5 dxe5 16. d6 Qxd6 17. Qxb7 Nbd7 18. Rad1 Qe6 19. Bc1 Rab8 20. Qc7 Rec8 21. Qd6 Rb6 22. Qxe6 Rxe6 23. a5 c4 24. Be3 e4 25. Nxe4 Nxe4 26. Rxd7 Bxb2 27. Rfd1 Kg7 28. Rb7 c3 29. Rdd7 Nd6 30. Bd4+ Kg8 31. Rxb2 cxb2 32. Bxb2 Nc4 33. Bc3 Ne5 34. Bxe5 Rxe5 35. Bb7 Rc1+ 36. Kh2 Rxa5 37. Bd5 Rc2 38. Bxf7+ Kf8 39. f4 Rac5 40. Be6 Rc7 41. Rd4 a5 42. f5 gxf5 43. Bxf5 R2c4 44. Rd8+ Kg7 45. Ra8 a4 46. Be6 Re4 47. Bd5 Rd4 48. Bf3 h6 49. Ra6 Rc3 50.
Kg3 a3 51. h4 Rd2 52. Kf4 a2 53. Ra7+ Kf6 54. Ra6+ Ke7 55. Be4 Rc1 56. Ra7+ Kd6 57. Ra6+ Kc7 58. Ra7+ Kb6 0-1

[Event "16th EWICC 2015"]
[Site "Kutaisi"]
[Date "2015.06.03"]
[Round "9"]
[White "Gevorgyan, Maria"]
[Black "Jalaghonia, Nino"]
[Result "1-0"]
[ECO "B23"]
[WhiteElo "2190"]
[BlackElo "1865"]
[Annotator "Robot 11"]
[PlyCount "53"]
[EventDate "2015.??.??"]
[EventCountry "GEO"]
[TimeControl "900+10"]

1. e4 c5 2. Nc3 g6 3. d4 Bg7 4. dxc5 Qa5 5. Bd2 Qxc5 6. Nd5 e6 7. Bb4 Qd4 8. Qxd4 Bxd4 9. Nc7+ Kd8 10. Nxa8 b6 11. Bd6 Bxb2 12. Rb1 Bc3+ 13. Kd1 Na6 14. Rb3 Bd4 15. Bxa6 Bxa6 16. Nc7 Bf1 17. Ne2 Bxg2 18. Rg1 Bc5 19. Bxc5 bxc5 20. Nxe6+ fxe6 21. Rxg2 Ne7 22. Rb5 d6 23. Nf4 e5 24. Rb8+ Nc8 25.
Nd5 Kd7 26. Rg3 Rf8 27. Rgb3 1-0

[Event "16th EWICC 2015"]
[Site "Kutaisi"]
[Date "2015.06.03"]
[Round "9"]
[White "Giorgadze, Elene"]
[Black "Mikadze, Miranda"]
[Result "0-1"]
[ECO "B10"]
[WhiteElo "1185"]
[BlackElo "2233"]
[Annotator "Robot 11"]
[PlyCount "106"]
[EventDate "2015.??.??"]
[EventCountry "GEO"]
[TimeControl "900+10"]

1. e4 c6 2. Nf3 d5 3. Nc3 Nf6 4. d3 dxe4 5. dxe4 Qxd1+ 6. Kxd1 Bg4 7. Be2 Nbd7 8. Be3 e6 9. a3 Bc5 10. Bxc5 Nxc5 11. e5 Rd8+ 12. Ke1 Nd5 13. Nxd5 Rxd5 14. Rd1 Bxf3 15. Bxf3 Rxe5+ 16. Kd2 Ne4+ 17. Bxe4 Rxe4 18. Rhe1 Rxe1 19. Kxe1 Ke7 20. Rd3 Rd8 21. Rg3 g6 22. Rh3 h5 23. Rb3 b6 24. Rc3 c5 25. b4 Rd5 26. f3 Kd6 27. g4 hxg4 28.
fxg4 g5 29. Rf3 f5 30. gxf5 exf5 31. c4 Re5+ 32. Kf2 Ke6 33. Rh3 Re4 34. bxc5 bxc5 35. Rh7 a5 36. Ra7 Rxc4 37. Rxa5 Ke5 38. a4 Rc2+ 39. Kg3 Ke4 40. Ra8 f4+ 41. Kg4 Rg2+ 42. Kh5 g4 43. a5 Kf3 44. a6 Rxh2+ 45. Kg5 Ra2 46. a7 c4 47. Rc8 Ra5+ 48. Kh4 Rxa7 49. Rxc4 Re7 50. Rc3+ Re3 51. Rxe3+ fxe3 52. Kg5 e2 53. Kg6 e1=Q 0-1